Map: Acid Plant LE

Players

Elazer

  • Race: Zerg Zerg
  • Spawn Location: 11:00

Solar - Winner!

  • Race: Zerg Zerg
  • League: Platinum
  • Spawn Location: 5:00

Event: HomeStory Cup XVIII

VOD

Have the link to the VOD?

Description

Time

  • Played on: Nov. 24, 2018, 12:14 p.m.
  • Length: 9:14

All games in this series

Show
View Real Time Build Order
Export as new Build Order

Elazer Zerg 

Build Orders: Hatch First 

Get SALT Encoding   

  12  0:00  Drone  
  13  0:12  Overlord  
  13  0:17  Drone  
  14  0:30  Drone x2  
  16  0:48  Hatchery  
  15  0:51  Drone  
  15  0:55  Drone  
  17  0:59  Drone  
  18  1:09  Extractor  
  17  1:14  Spawning Pool  
  17  1:17  Drone  
  17  1:20  Drone  
  18  1:28  Drone  
  19  1:38  Drone  
  20  1:50  Drone  
  21  2:00  Queen x2  
  21  2:01  Drone, Overlord  
  26  2:10  Metabolic Boost  
  26  2:11  Drone  
  26  2:12  Zergling x2  
  28  2:22  Drone x2  
  30  2:33  Drone x2  
  32  2:39  Hatchery  
  31  2:44  Baneling Nest  
  31  2:48  Overlord  
  31  2:50  Drone  
  31  2:54  Drone  
  31  2:55  Drone  
  33  3:05  Drone x2  
  34  3:08  Drone  
  34  3:09  Zergling x4  
  34  3:10  Zergling x2  
  39  3:15  Queen  
  41  3:22  Zergling x2  
  41  3:25  Overlord  
  41  3:26  Zergling x2  
  43  3:27  Baneling  
  43  3:28  Baneling  
  43  3:36  Drone  
  43  3:39  Evolution Chamber  
  43  3:43  Drone  
  43  3:45  Drone x3  
  47  3:48  Drone x3  
  47  3:49  Drone x2  
  47  3:54  Overlord  
  52  4:00  Drone x2  
  53  4:07  Zerg Missile Weapons Level 1  
  53  4:08  Drone x2  
  53  4:09  Drone  
  56  4:11  Overlord  
  56  4:13  Drone x3  
  56  4:15  Drone  
  60  4:20  Lair  
  60  4:22  Extractor  
  60  4:23  Extractor  
  58  4:26  Overlord  
  58  4:27  Drone x2  
  58  4:30  Drone  
  61  4:35  Overlord, Roach Warren  
  61  4:36  Drone  
  63  4:38  Drone x2  
  63  4:39  Drone  
  64  4:47  Overlord  
  64  4:48  Drone x5  
  64  4:51  Overlord, Drone  
  69  4:55  Extractor x2  
  69  4:56  Pneumatized Carapace  
  69  4:57  Drone  
  68  5:01  Overlord  
  68  5:05  Drone x3  
  71  5:07  Overlord  
  71  5:11  Overlord, Drone  
  72  5:17  Drone  
  73  5:22  Roach x3  
  73  5:23  Roach  
  73  5:24  Baneling  
  73  5:26  Drone  
  73  5:27  Drone  
  82  5:32  Baneling  
  82  5:33  Roach  
  82  5:34  Roach x3  
  90  5:37  Roach  
  90  5:41  Roach  
  90  5:42  Roach x4  
  102  5:46  Glial Reconstitution  
  102  5:50  Overlord  
  102  5:52  Overlord  
  102  5:53  Roach  
  104  5:58  Overlord  
  104  6:02  Overlord  
  104  6:03  Roach  
  104  6:04  Roach  
  108  6:09  Overlord  
  106  6:12  Roach  
  106  6:13  Roach x3  
  106  6:16  Hatchery  
  106  6:17  Overlord  
  113  6:20  Drone x2  
  113  6:21  Extractor, Hydralisk Den  
  113  6:23  Drone x2  
  113  6:24  Drone  
  116  6:26  Queen  
  116  6:31  Queen x2  
  122  6:37  Overlord  
  122  6:38  Drone x3  
  124  6:42  Overlord  
  124  6:43  Drone x3  
  124  6:46  Overlord  
  127  6:49  Evolution Chamber  
  127  6:52  Zerg Missile Weapons Level 2  
  124  6:56  Drone x5  
  123  7:05  Hydralisk x4  
  117  7:11  Spore Crawler  
  117  7:14  Spore Crawler  
  115  7:17  Zerg Ground Armor Level 1  
  115  7:20  Hydralisk x3  
  121  7:24  Spore Crawler  
  121  7:28  Spore Crawler  
  121  7:29  Spore Crawler  
  118  7:34  Hydralisk x5  
  126  7:47  Hydralisk x6  
  126  7:49  Queen  
  130  7:56  Drone x5, Spore Crawler  
  125  8:01  Spore Crawler  
  125  8:03  Drone  
  125  8:05  Spore Crawler x2  
  123  8:11  Drone x7  
  122  8:23  Drone x7  
  123  8:30  Spore Crawler  
  123  8:33  Hydralisk x4  
  126  8:40  Overlord  
  123  8:43  Drone  
  128  8:50  Lurker Den  
  128  8:55  Drone x3  
  134  8:59  Spore Crawler  
  134  9:00  Spore Crawler  
  132  9:04  Spore Crawler  
Show
View Real Time Build Order
Export as new Build Order

Solar Zerg - Winner!

Build Orders: Hatch First 

Get SALT Encoding   

  12  0:01  Drone  
  13  0:12  Overlord  
  13  0:17  Drone  
  14  0:31  Drone x2  
  16  0:48  Hatchery  
  15  0:51  Drone  
  15  0:54  Drone  
  17  0:58  Drone  
  18  1:05  Extractor  
  17  1:14  Spawning Pool  
  17  1:16  Drone  
  17  1:20  Drone  
  18  1:27  Drone  
  19  1:39  Drone  
  20  1:49  Overlord  
  20  2:00  Queen x2  
  20  2:01  Drone x2  
  26  2:07  Metabolic Boost  
  26  2:12  Drone x2  
  28  2:23  Drone x2  
  30  2:35  Hatchery  
  30  2:36  Zergling x2  
  30  2:38  Zergling x2  
  31  2:46  Drone x2  
  31  2:50  Baneling Nest  
  32  2:55  Overlord  
  32  2:56  Drone  
  33  3:06  Zergling x2  
  33  3:08  Drone x2  
  36  3:13  Queen  
  36  3:16  Drone x3  
  42  3:20  Drone  
  42  3:23  Overlord  
  42  3:24  Drone  
  43  3:32  Zergling x2  
  43  3:33  Baneling  
  44  3:40  Evolution Chamber, Zergling x2  
  43  3:42  Drone x2  
  43  3:43  Drone x3  
  43  3:48  Drone  
  49  3:49  Overlord  
  49  3:51  Drone  
  49  3:53  Extractor  
  49  3:58  Drone  
  49  4:01  Drone x2, Lair  
  52  4:05  Extractor  
  52  4:08  Drone  
  51  4:12  Drone x3  
  51  4:13  Drone  
  51  4:15  Zerg Melee Weapons Level 1  
  55  4:19  Drone x3  
  55  4:21  Zergling x4  
  60  4:27  Roach Warren  
  60  4:29  Drone x2  
  60  4:30  Overlord  
  61  4:34  Drone x2  
  61  4:36  Drone  
  64  4:39  Extractor  
  64  4:41  Drone  
  64  4:43  Drone x2  
  64  4:45  Overlord  
  66  4:52  Drone x4  
  69  4:53  Extractor  
  69  4:55  Drone x2  
  69  4:58  Overlord  
  69  5:00  Baneling  
  69  5:02  Zergling x2  
  69  5:03  Overlord  
  69  5:05  Extractor  
  69  5:06  Spire  
  68  5:08  Zergling x4  
  68  5:09  Zergling x4  
  68  5:13  Overlord  
  71  5:16  Drone  
  71  5:18  Glial Reconstitution  
  71  5:20  Zergling x6  
  75  5:23  Drone x3  
  75  5:24  Drone x2  
  75  5:26  Zergling x2  
  75  5:28  Overseer  
  81  5:32  Drone  
  81  5:34  Drone, Overlord  
  82  5:43  Drone x2, Overlord  
  82  5:46  Zergling x4  
  82  5:49  Overlord  
  86  5:56  Overlord  
  84  5:58  Zergling x10  
  84  6:00  Zergling x2  
  84  6:02  Overlord  
  90  6:08  Overlord  
  90  6:09  Hatchery  
  89  6:17  Mutalisk  
  89  6:18  Mutalisk x4  
  89  6:21  Mutalisk x2, Zerg Flyer Weapons Level 1  
  89  6:25  Mutalisk  
  101  6:26  Roach  
  101  6:28  Mutalisk  
  101  6:32  Mutalisk x2  
  110  6:35  Mutalisk  
  108  6:43  Zergling x2  
  108  6:44  Zergling x8  
  113  6:48  Mutalisk  
  113  6:52  Mutalisk  
  113  6:53  Extractor  
  115  6:55  Overlord  
  115  6:56  Extractor  
  115  6:57  Mutalisk  
  115  6:59  Zergling x6  
  115  7:03  Mutalisk  
  114  7:09  Zergling x2  
  114  7:15  Drone x3  
  118  7:16  Drone x2  
  118  7:20  Drone  
  118  7:21  Queen, Drone x2  
  118  7:22  Drone, Mutalisk  
  126  7:26  Overlord  
  126  7:27  Zergling x2  
  126  7:28  Zergling x4  
  131  7:30  Baneling x2  
  131  7:33  Mutalisk x2  
  131  7:35  Zergling x4  
  136  7:43  Mutalisk x2  
  138  7:48  Mutalisk  
  135  7:52  Zergling x12  
  135  7:56  Mutalisk  
  135  7:57  Zergling x6  
  135  7:58  Zergling x2  
  146  7:59  Zergling x2  
  146  8:04  Overlord  
  146  8:05  Mutalisk  
  149  8:13  Zergling x12  
  149  8:17  Mutalisk x2  
  149  8:19  Overlord  
  157  8:22  Zergling x6  
  155  8:28  Zergling x10  
  155  8:33  Mutalisk x4  
  156  8:35  Zergling x2  
  156  8:37  Baneling  
  156  8:38  Baneling x4  
  156  8:41  Zergling x4  
  158  8:42  Baneling x4  
  158  8:45  Baneling x2  
  158  8:47  Zergling x14  
  164  8:49  Zergling x4  
Tags
 
Add a new tag
Caveats
  • Supply blocks, unpowered buildings, or Contaminate may cause inaccurate times.
  • Supply counts are checked every 10 seconds.